 Dungeon Crawl Stone Soup version 0.30-a0-172-gc5509c9e31 (webtiles) character file.

Game seed: 9683205782638976080

56 qw the Chopper (level 3, -3/23 HPs)
             Began as a Gargoyle Fighter on Oct 1, 2022.
             Slain by Sigmund
             ... wielding a +0 scythe
              (6 damage)
             ... on level 2 of the Dungeon.
             The game lasted 00:00:23 (707 turns).

qw the Chopper (Gargoyle Fighter)                    Turns: 707, Time: 00:00:24

Health: -3/23      AC: 11    Str: 21    XL:     3   Next: 97%
Magic:  3/3        EV:  9    Int:  8    God:
Gold:   53         SH:  0    Dex:  9    Spells: 2/2 levels left

rFire   . . .      SeeInvis .    Y - +1 war axe
rCold   . . .      Faith    .    c - +0 buckler
rNeg    + . .      Spirit   .    b - +0 scale mail
rPois   inf        Reflect  .    (no helmet)
rElec   +          Harm     .    (no cloak)
rCorr   .          Rampage  .    j - +0 pair of gloves
Will    .....                    (no boots)
Stlth   ..........               (no amulet)
HPRegen 0.23/turn                (no ring)
MPRegen 0.08/turn                (no ring)

@: confused
A: sickness immunity, AC +3, negative energy resistance 1, electricity
resistance, torment resistance 1, petrification resistance
a: no special abilities


You were on level 2 of the Dungeon.
You visited 1 branch of the dungeon, and saw 2 of its levels.

You collected 53 gold pieces.


Innate Abilities, Weirdness & Mutations

You are immune to sickness and miasma.
Your stone body is resilient. (AC +3)
You are immune to poison.
You resist negative energy. (rN+)
You are resistant to electric shocks. (rElec)
You are resistant to unholy torment.
You are immune to petrification.


   Skills:
 - Level 3.2 Fighting
 + Level 3.7 Axes
 - Level 3.2 Armour
 - Level 3.2 Shields


You had 2 spell levels left.
You didn't know any spells.
Your spell library was empty.

Inventory:

Hand Weapons
 i - a +0 club
 Y - a +1 war axe (weapon)
Armour
 a - a +0 plate armour
 b - a +0 scale mail (worn)
 c - a +0 buckler (worn)
 j - a +0 pair of gloves (worn)
Scrolls
 f - a scroll of teleportation {unknown}
 h - a scroll of enchant armour {unknown}
Potions
 d - a potion of might
 e - a potion of ambrosia {unknown}
 g - a potion of haste {unknown}

Dungeon Overview and Level Annotations

Branches:
Dungeon (2/15)

Altars:

Annotations:
D:2 Sigmund


Message History

The goblin barely misses you. Something hits you but does no damage.
The goblin hits you but does no damage.
You slash the goblin!
You kill the goblin!
You barely miss something. Something hits you but does no damage.
You barely miss something. Something hits you but does no damage.
You closely miss something. Something hits you but does no damage.
You barely miss something. Something hits you but does no damage.
You hit something.
You hear some strange, mumbled words.
Something tries to affect you, but you resist.
You hit something but do no damage. Something hits you.
You slash something! Something hits you but does no damage.
You completely miss something.
You hear some strange, mumbled words.
You are confused.
You're too confused to attack without stumbling around!
There is a strange disturbance nearby!
You hear some strange, mumbled words.
You are more confused.
You're too confused to attack without stumbling around!
There is a strange disturbance nearby!
You hear some strange, mumbled words.
A puff of flame appears from out of thin air!
The puff of flame hits you.
You're too confused to attack without stumbling around!
There is a strange disturbance nearby!
Something hits you.
You're too confused to attack without stumbling around!
There is a strange disturbance nearby!
You're too confused to attack without stumbling around!
There is a strange disturbance nearby!
Something hits you.
You die...

##..................
#........#......#..
#.......%.......##
#......%.........<.
#####.#.###.[......
#.....# #.......#
##.#..## #.......#
####....## ........#
#...@.#)# .#.##....
#.#){##....#. .#
##..
#...#...##...###
#...# .#.# ### .....
@##.# .....### <.?
..... ..# ..... ###


There were no monsters in sight!

Vanquished Creatures
  A jelly (D:2)
  2 dart slugs
  6 endoplasms
  A giant cockroach (D:2)
  2 goblins
  2 hobgoblins
  2 kobolds
  2 bats
  3 frilled lizards
  A rat (D:2)
22 creatures vanquished.

Notes
Turn   | Place    | Note
-------+----------+-------------------------------------------
     0 | D:1      | qw the Gargoyle Fighter began the quest for the Orb.
     0 | D:1      | Reached XP level 1. HP: 14/14 MP: 1/1
     0 | D:1      | 0 ||| qw: Version: 0.2-a-13-gfc7b4b4
     0 | D:1      | 0 ||| qw: Game counter: 1816
     0 | D:1      | 0 ||| qw: Always use a shield: true
     0 | D:1      | 0 ||| qw: God list: Okawaru
     0 | D:1      | 0 ||| qw: Allow faded altars: false
     0 | D:1      | 0 ||| qw: Do Orc after D:15 true
     0 | D:1      | 0 ||| qw: Do second Lair branch before Depths: true
     0 | D:1      | 0 ||| qw: Lair rune preference: random
     0 | D:1      | 0 ||| qw: Plans: Normal, Zot:1-4, God:TSO, Crypt, Tomb,
                  | Pan, Slime:5, Hells, Abyss, Orb
     0 | D:1      | 0 ||| PLANNING D:1-11
   331 | D:1      | Reached XP level 2. HP: 19/19 MP: 2/2
   475 | D:1      | 475 ||| UPGRADING to +0 pair of gloves.
   480 | D:1      | 480 ||| READING scroll labelled RYBIYSU YWNU.
   481 | D:1      | 481 ||| READING scroll labelled AWNYABLICAU.
   482 | D:1      | 482 ||| READING scroll labelled HYRODGH GINLISA.
   483 | D:1      | 483 ||| DRINKING 2 puce potions.
   547 | D:2      | Reached skill level 3 in Axes
   547 | D:2      | Reached XP level 3. HP: 15/23 MP: 3/3
   597 | D:2      | 597 ||| Stepping ~*~*~tactically~*~*~ (stealth).
   607 | D:2      | 607 ||| Stepping ~*~*~tactically~*~*~ (stealth).
   612 | D:2      | 612 ||| Stepping ~*~*~tactically~*~*~ (stealth).
   613 | D:2      | 613 ||| Stepping ~*~*~tactically~*~*~ (stealth).
   614 | D:2      | 614 ||| Stepping ~*~*~tactically~*~*~ (stealth).
   618 | D:2      | 618 ||| FLEEEEING.
   623 | D:2      | HP: 2/23 [frozen (5)]
   624 | D:2      | 624 ||| DRINKING potion of heal wounds.
   635 | D:2      | 635 ||| Stepping ~*~*~tactically~*~*~ (stealth).
   636 | D:2      | 636 ||| Stepping ~*~*~tactically~*~*~ (stealth).
   637 | D:2      | 637 ||| Stepping ~*~*~tactically~*~*~ (stealth).
   685 | D:2      | Noticed Sigmund
   686 | D:2      | 686 ||| Stepping ~*~*~tactically~*~*~ (hiding).
   705 | D:2      | HP: 2/23 [something (4)]
   707 | D:2      | Slain by Sigmund

Levels and vault maps discovered:
D:1:      ncdulo_halloftheorcs, layout_basic, solitary_fountain,
          minmay_crystal_water, serial_park_tiny_pond
D:2:      layout_rooms, serial_shops, shop_statue, uniq_sigmund, uniq_jessica

Skill      XL: |  1  2 |
---------------+-------+-----
Axes           | 2 3 |  3.7
Fighting       | |  3.2
Armour         | |  3.2
Shields        | |  3.2

Action                   || total
-------------------------++-------
Melee: War axe           ||    68
  Use: Scroll            ||     3
       Potion            ||     2
Armor: Scale mail        ||    27
Dodge: Dodged            ||    30
Block: Buckler           ||     8

Table legend:
 A = Non-vault XP
 B = Vault XP
 C = Vault XP percentage of total XP
 D = Non-vault monster count
 E = Vault monster count
 F = Vault count percentage of total count
                 A         B        C        D         E       F
            +---------+---------+-------+---------+---------+-------
      Total |      81 |       0 |   0.0 |      22 |       0 |   0.0
            +---------+---------+-------+---------+---------+-------
        D:1 |      18 |       0 |   0.0 |       9 |       0 |   0.0
        D:2 |      63 |       0 |   0.0 |      13 |       0 |   0.0
            +---------+---------+-------+---------+---------+-------
